AoeStats
← CaptainThomas

Golden Pit

503369989Analyzed
1v1 RM · 1mo ago on Aug 31, 2026· 66m 3s· 2 players
Game mode
Random Map
Map size
Tiny (2 player)
Population
200
Speed
Normal
Resources
Standard
Victory
Conquest
Starting age
Dark Age
Ending age
Imperial Age
RankedLock teamsTeams togetherTeam positionsShared explorationLock speedFull tech treeHidden civsTurbo modeCheats
Victory
Defeat
🇫🇷 Cumans · France
1655
+13
🇮🇪 Shu · Ireland
1595
-13
TheMangledBadger
7:07 Loom
9:09 Feudal Age
10:39 Double-Bit Axe
18:11 Castle Age
16:51 Horse Collar
17:41 Fletching
19:11 Wheelbarrow
18:44 Pikeman
20:33 Bow Saw
22:10 Bodkin Arrow
25:44 Forging
27:01 Scale Mail Armor
28:01 Gold Mining
28:01 Stone Mining
33:20 Crossbowman
35:11 Gold Shaft Mining
38:41 Imperial Age
37:16 Hand Cart
37:10 Town Watch
38:08 Coiled Serpent Array
38:58 Thumb Ring
40:27 Chemistry
39:31 Bracer
39:31 Padded Archer Armor
40:34 Two-Man Saw
40:16 Conscription
39:28 Halberdier
40:46 Squires
41:45 Ballistics
40:48 Arbalester
42:40 Leather Archer Armor
42:39 Masonry
43:41 Bolt Magazine
46:29 Ring Archer Armor
46:14 Chain Mail Armor
47:37 Guilds
48:14 Architecture
50:15 Elite Skirmisher
52:27 Siege Engineers
53:40 Hoardings
53:09 Coiled Serpent Array
52:33 Elite White Feather Guard
54:14 Arson
60:18 Plate Mail Armor
60:11 Onager
64:38 Heavy Plow
CaptainThomas
6:27 Loom
9:11 Feudal Age
10:48 Double-Bit Axe
10:46 Horse Collar
20:53 Castle Age
18:45 Horse Collar
19:45 Bloodlines
20:32 Wheelbarrow
23:03 Hand Cart
22:32 Capped Ram
23:37 Heavy Plow
24:39 Fletching
25:54 Bodkin Arrow
25:34 Crossbowman
27:28 Padded Archer Armor
34:54 Imperial Age
35:13 Light Cavalry
36:32 Crop Rotation
36:16 Scale Barding Armor
38:09 Chain Barding Armor
38:01 Forging
40:38 Plate Barding Armor
43:55 Elite Skirmisher
45:07 Leather Archer Armor
46:30 Ring Archer Armor
47:24 Chemistry
47:26 Conscription
47:02 Gold Mining
47:05 Stone Mining
48:19 Ballistics
49:08 Iron Casting
48:53 Thumb Ring
48:49 Cavalier
52:00 Blast Furnace
51:55 Siege Ram
55:58 Masonry
57:03 Gold Shaft Mining
59:19 Hussar
61:32 Paladin
Connection lost

Rejoining the realm…

Still unreachable

The connection could not be restored.

Session expired

The server has moved on; the page needs a fresh start.